[ AOE2 MATCH · #506671018 ]
UnrankedPortuguese vs Goths
Rival team · LOSS
[ REPLAY ANALYSIS · EXTRACTED FROM THE RECORDED GAME ]
Feudal
9:49
Castle
23:11
Imperial
27:36
| APM avg | 22.5 |
| APM peak | 42 |
| eAPM avg | 15.2 |
| Villagers / military | 85 / 27 |
Focus
⚔️ 38.0% · 🌾 62.0%
Bombard Cannon ×14 · Trebuchet (Packed) ×9 · Mangonel ×3 · Monk ×1
Feudal
12:06
Castle
20:38
Imperial
31:12
| APM avg | 27.4 |
| APM peak | 61 |
| eAPM avg | 20.4 |
| Villagers / military | 146 / 314 |
Focus
⚔️ 29.1% · 🌾 70.9%
Petard ×130 · Huskarl ×118 · Mangonel ×24 · Bombard Cannon ×15 · Trebuchet (Packed) ×13 · Militia ×12
Match map
Initial resources + every placement click. Lines = walls · curves = elevation contours. ◆ gold · ⬟ stone · ● berries · ✦ relic · ◌ wall gap
Your base· ✓ Closed at 23:11 · 96t walls · 1 gate(s)
帝国的铁汉's base· ✓ Closed at 20:38 · 12t walls · no gate
Smoothed initial terrain · ◌ = detected wall gap · hover for details
Inputs per minute
— Alvice Gritti - - 帝国的铁汉
Build order — Alvice Gritti
First 150 of 544 actions detected
| 0:02 | Queue | Villager (Male) |
| 0:04 | Build | House |
| 0:21 | Build | Palisade Wall |
| 0:26 | Research | Loom |
| 0:26 | Queue | Villager (Male) |
| 0:34 | Build | House |
| 0:43 | Queue | Villager (Male) |
| 0:43 | Queue | Villager (Male) |
| 1:38 | Build | Palisade Wall |
| 1:57 | Queue | Villager (Male) |
| 1:57 | Queue | Villager (Male) |
| 2:32 | Queue | Villager (Male) |
| 2:58 | Queue | Villager (Male) |
| 3:07 | Build | Mill |
| 3:26 | Queue | Villager (Male) |
| 3:47 | Queue | Villager (Male) |
| 4:07 | Queue | Villager (Male) |
| 4:26 | Queue | Villager (Male) |
| 4:54 | Queue | Villager (Male) |
| 4:57 | Build | House |
| 5:05 | Queue | Villager (Male) |
| 5:39 | Queue | Villager (Male) |
| 6:09 | Queue | Villager (Male) |
| 6:49 | Queue | Villager (Male) |
| 6:56 | Build | Lumber Camp |
| 7:05 | Queue | Villager (Male) |
| 7:36 | Research | Feudal Age |
| 8:21 | Build | House |
| 9:25 | Build | Outpost |
| 9:32 | Queue | Villager (Male) |
| 9:49 | Age | Feudal Age |
| 10:00 | Research | Town Watch |
| 10:00 | Queue | Villager (Male) |
| 10:02 | Research | Double-Bit Axe |
| 10:14 | Build | Watch Tower |
| 10:19 | Build | Mining Camp |
| 10:36 | Build | House |
| 10:45 | Queue | Villager (Male) |
| 11:10 | Queue | Villager (Male) |
| 11:29 | Queue | Villager (Male) |
| 11:50 | Research | Stone Mining |
| 11:54 | Build | Outpost |
| 12:23 | Build | Watch Tower |
| 12:29 | Build | Gate |
| 12:32 | Build | House |
| 12:40 | Build | House |
| 13:03 | Build | Stone Wall |
| 13:10 | Queue | Villager (Male) |
| 13:24 | Build | Watch Tower |
| 13:26 | Queue | Villager (Male) |
| 13:38 | Build | Gate |
| 14:10 | Build | Watch Tower |
| 14:17 | Build | House |
| 14:24 | Queue | Villager (Male) |
| 14:36 | Build | Mill |
| 14:49 | Queue | Villager (Male) |
| 14:55 | Build | House |
| 14:56 | Build | House |
| 15:07 | Build | Stone Wall |
| 15:16 | Build | Stone Wall |
| 15:17 | Queue | Villager (Male) |
| 15:24 | Build | Lumber Camp |
| 15:38 | Build | Mining Camp |
| 15:44 | Build | Stone Wall |
| 15:49 | Build | Stone Wall |
| 15:49 | Queue | Villager (Male) |
| 15:52 | Build | Farm |
| 16:11 | Queue | Villager (Male) |
| 16:18 | Build | Farm |
| 16:20 | Build | Farm |
| 16:22 | Build | Farm |
| 16:23 | Build | Farm |
| 16:24 | Build | Farm |
| 16:27 | Queue | Villager (Male) |
| 16:37 | Build | Stone Wall |
| 16:42 | Build | Stone Wall |
| 16:43 | Queue | Villager (Male) |
| 16:49 | Build | Farm |
| 16:55 | Build | Farm |
| 16:55 | Queue | Villager (Male) |
| 17:09 | Build | Farm |
| 17:12 | Queue | Villager (Male) |
| 17:41 | Build | Stone Wall |
| 17:42 | Queue | Villager (Male) |
| 17:54 | Build | Farm |
| 18:00 | Build | Farm |
| 18:00 | Queue | Villager (Male) |
| 18:26 | Build | Stone Wall |
| 18:29 | Build | Stone Wall |
| 18:33 | Queue | Villager (Male) |
| 18:53 | Build | Farm |
| 18:54 | Queue | Villager (Male) |
| 19:07 | Build | Market |
| 19:25 | Build | Blacksmith |
| 19:30 | Queue | Villager (Male) |
| 19:35 | Build | Farm |
| 19:39 | Build | Farm |
| 19:52 | Build | Stone Wall |
| 19:55 | Build | Stone Wall |
| 20:23 | Build | Farm |
| 20:31 | Research | Castle Age |
| 20:32 | Research | Castle Age |
| 20:44 | Build | Stone Wall |
| 21:00 | Build | Mining Camp |
| 21:14 | Build | Stone Wall |
| 21:17 | Build | Stone Wall |
| 21:38 | Build | House |
| 21:40 | Build | House |
| 21:44 | Build | House |
| 22:04 | Build | Stone Wall |
| 22:26 | Build | Stone Wall |
| 22:53 | Queue | Villager (Male) |
| 23:03 | Build | House |
| 23:11 | Age | Castle Age |
| 23:22 | Queue | Villager (Male) |
| 23:27 | Build | University |
| 23:34 | Build | Siege Workshop |
| 23:41 | Queue | Villager (Male) |
| 23:49 | Build | Stone Wall |
| 24:14 | Research | Fortified Wall (upgrade) |
| 24:16 | Research | Imperial Age |
| 24:26 | Build | Town Center |
| 24:31 | Build | Stone Wall |
| 25:24 | Build | House |
| 25:27 | Build | House |
| 25:28 | Queue | Villager (Male) |
| 25:29 | Queue | Villager (Male) |
| 25:36 | Build | House |
| 25:49 | Build | Stone Wall |
| 26:03 | Research | Horse Collar |
| 26:06 | Queue | Villager (Male) |
| 26:23 | Build | House |
| 26:23 | Build | House |
| 26:28 | Build | House |
| 26:35 | Build | House |
| 26:37 | Build | House |
| 26:40 | Queue | Villager (Male) |
| 26:51 | Build | Mining Camp |
| 27:01 | Queue | Villager (Male) |
| 27:02 | Queue | Villager (Male) |
| 27:14 | Build | Stone Wall |
| 27:18 | Queue | Villager (Male) |
| 27:36 | Age | Imperial Age |
| 27:38 | Queue | Villager (Male) |
| 27:41 | Research | Chemistry |
| 27:48 | Build | House |
| 27:49 | Build | House |
| 27:52 | Build | House |
| 27:53 | Build | House |
| 28:10 | Build | Feitoria |
Build order — 帝国的铁汉
First 150 of 656 actions detected
| 0:03 | Build | House |
| 0:04 | Queue | Villager (Male) |
| 0:04 | Queue | Villager (Male) |
| 0:05 | Build | House |
| 0:07 | Research | Loom |
| 0:07 | Queue | Villager (Male) |
| 0:08 | Queue | Villager (Male) |
| 1:17 | Build | Palisade Wall |
| 1:38 | Queue | Villager (Male) |
| 1:38 | Queue | Villager (Male) |
| 1:56 | Build | Lumber Camp |
| 2:09 | Queue | Villager (Male) |
| 2:09 | Queue | Villager (Male) |
| 2:36 | Queue | Villager (Male) |
| 2:36 | Queue | Villager (Male) |
| 3:01 | Queue | Villager (Male) |
| 3:01 | Queue | Villager (Male) |
| 3:24 | Queue | Villager (Male) |
| 3:24 | Queue | Villager (Male) |
| 3:31 | Build | House |
| 3:54 | Build | House |
| 4:03 | Queue | Villager (Male) |
| 4:21 | Queue | Villager (Male) |
| 4:22 | Queue | Villager (Male) |
| 4:22 | Queue | Villager (Male) |
| 4:37 | Queue | Villager (Male) |
| 4:37 | Queue | Villager (Male) |
| 5:03 | Queue | Villager (Male) |
| 5:03 | Queue | Villager (Male) |
| 5:03 | Queue | Villager (Male) |
| 5:23 | Build | Mill |
| 5:55 | Queue | Villager (Male) |
| 5:55 | Queue | Villager (Male) |
| 5:56 | Queue | Villager (Male) |
| 6:24 | Build | House |
| 6:43 | Queue | Villager (Male) |
| 6:51 | Queue | Villager (Male) |
| 7:04 | Queue | Villager (Male) |
| 7:54 | Queue | Villager (Male) |
| 8:17 | Build | Lumber Camp |
| 8:50 | Queue | Villager (Male) |
| 9:14 | Queue | Villager (Male) |
| 9:18 | Queue | Villager (Male) |
| 9:34 | Build | Mining Camp |
| 9:56 | Research | Feudal Age |
| 11:01 | Queue | Villager (Male) |
| 11:02 | Queue | Villager (Male) |
| 11:13 | Build | Mining Camp |
| 11:46 | Build | House |
| 12:06 | Age | Feudal Age |
| 12:07 | Build | Palisade Wall |
| 12:11 | Build | Watch Tower |
| 12:20 | Queue | Villager (Male) |
| 12:49 | Queue | Villager (Male) |
| 12:49 | Queue | Villager (Male) |
| 12:54 | Queue | Villager (Male) |
| 13:30 | Queue | Villager (Male) |
| 13:37 | Build | Watch Tower |
| 13:46 | Queue | Villager (Male) |
| 13:50 | Build | House |
| 13:54 | Build | House |
| 13:55 | Queue | Villager (Male) |
| 14:05 | Research | Wheelbarrow |
| 14:23 | Build | House |
| 14:24 | Queue | Villager (Male) |
| 14:42 | Build | House |
| 15:02 | Queue | Villager (Male) |
| 15:02 | Queue | Villager (Male) |
| 15:06 | Queue | Villager (Male) |
| 15:11 | Queue | Villager (Male) |
| 15:29 | Queue | Villager (Male) |
| 15:48 | Queue | Villager (Male) |
| 15:53 | Queue | Villager (Male) |
| 16:01 | Build | House |
| 16:08 | Build | House |
| 16:19 | Queue | Villager (Male) |
| 16:32 | Build | Market |
| 17:25 | Build | Blacksmith |
| 17:41 | Research | Double-Bit Axe |
| 17:58 | Research | Castle Age |
| 18:07 | Build | House |
| 18:10 | Research | Stone Mining |
| 18:16 | Build | Farm |
| 18:25 | Build | Farm |
| 18:44 | Build | House |
| 18:46 | Build | House |
| 18:53 | Research | Horse Collar |
| 19:23 | Research | Gold Mining |
| 20:14 | Research | Fletching |
| 20:20 | Build | Farm |
| 20:22 | Build | Farm |
| 20:25 | Build | Farm |
| 20:29 | Build | Farm |
| 20:34 | Build | Farm |
| 20:38 | Age | Castle Age |
| 20:42 | Build | Castle |
| 20:46 | Build | Siege Workshop |
| 20:50 | Research | Town Watch |
| 21:12 | Build | Farm |
| 21:14 | Build | Farm |
| 21:17 | Queue | Villager (Male) |
| 21:23 | Queue | Villager (Male) |
| 21:31 | Queue | Battering Ram |
| 21:56 | Queue | Villager (Male) |
| 22:14 | Build | Town Center |
| 22:44 | Queue | Villager (Male) |
| 23:03 | Build | Monastery |
| 23:12 | Queue | Villager (Male) |
| 23:21 | Queue | Villager (Male) |
| 23:23 | Build | Farm |
| 23:25 | Build | Farm |
| 23:25 | Build | Farm |
| 23:26 | Build | Farm |
| 23:31 | Build | Farm |
| 23:34 | Queue | Villager (Male) |
| 23:39 | Queue | Villager (Male) |
| 23:48 | Queue | Villager (Male) |
| 23:51 | Build | Farm |
| 23:52 | Queue | Monk |
| 23:57 | Queue | Villager (Male) |
| 24:02 | Build | Farm |
| 24:06 | Queue | Villager (Male) |
| 24:23 | Queue | Villager (Male) |
| 24:40 | Queue | Villager (Male) |
| 25:01 | Queue | Villager (Male) |
| 25:01 | Queue | Villager (Male) |
| 25:07 | Queue | Villager (Male) |
| 25:12 | Build | Farm |
| 25:15 | Queue | Villager (Male) |
| 25:29 | Build | Town Center |
| 25:36 | Build | Mill |
| 25:37 | Build | Farm |
| 25:37 | Build | Farm |
| 25:38 | Build | Farm |
| 25:38 | Build | Farm |
| 25:38 | Build | Farm |
| 25:42 | Build | Farm |
| 25:45 | Queue | Villager (Male) |
| 25:51 | Queue | Villager (Male) |
| 26:16 | Queue | Villager (Male) |
| 26:21 | Build | Farm |
| 26:22 | Build | Farm |
| 26:28 | Build | Farm |
| 26:37 | Queue | Villager (Male) |
| 26:39 | Queue | Villager (Male) |
| 26:50 | Build | Farm |
| 26:53 | Build | Farm |
| 26:55 | Queue | Villager (Male) |
| 26:58 | Build | Farm |
| 26:58 | Build | Farm |
Match timeline
| 0:21 | Alvice Gritti · wall_segment Palisade Wall x10 |
| 1:17 | 帝国的铁汉 · wall_segment Palisade Wall x12 |
| 1:38 | Alvice Gritti · wall_segment Palisade Wall x8 |
| 9:49 | Alvice Gritti · age_up feudal |
| 12:06 | 帝国的铁汉 · age_up feudal |
| 12:07 | 帝国的铁汉 · wall_segment Palisade Wall x1 |
| 13:03 | Alvice Gritti · wall_segment Stone Wall x1 |
| 15:07 | Alvice Gritti · wall_segment Stone Wall x5 |
| 15:16 | Alvice Gritti · wall_segment Stone Wall x5 |
| 15:44 | Alvice Gritti · wall_segment Stone Wall x6 |
| 15:49 | Alvice Gritti · wall_segment Stone Wall x4 |
| 16:37 | Alvice Gritti · wall_segment Stone Wall x7 |
| 16:42 | Alvice Gritti · wall_segment Stone Wall x8 |
| 17:41 | Alvice Gritti · wall_segment Stone Wall x7 |
| 18:26 | Alvice Gritti · wall_segment Stone Wall x7 |
| 18:29 | Alvice Gritti · wall_segment Stone Wall x6 |
| 19:52 | Alvice Gritti · wall_segment Stone Wall x6 |
| 19:55 | Alvice Gritti · wall_segment Stone Wall x4 |
| 20:38 | 帝国的铁汉 · age_up castle |
| 20:42 | 帝国的铁汉 · first_building Castle |
| 20:44 | Alvice Gritti · wall_segment Stone Wall x5 |
| 20:46 | 帝国的铁汉 · first_building Siege Workshop |
| 21:14 | Alvice Gritti · wall_segment Stone Wall x5 |
| 21:17 | Alvice Gritti · wall_segment Stone Wall x6 |
| 22:04 | Alvice Gritti · wall_segment Stone Wall x7 |
| 22:26 | Alvice Gritti · wall_segment Stone Wall x17 |
| 23:03 | 帝国的铁汉 · first_building Monastery |
| 23:11 | Alvice Gritti · age_up castle |
| 23:34 | Alvice Gritti · first_building Siege Workshop |
| 23:49 | Alvice Gritti · wall_segment Stone Wall x10 |
| 24:31 | Alvice Gritti · wall_segment Stone Wall x10 |
| 25:49 | Alvice Gritti · wall_segment Stone Wall x10 |
| 27:14 | Alvice Gritti · wall_segment Stone Wall x10 |
| 27:36 | Alvice Gritti · age_up imperial |
| 30:12 | 帝国的铁汉 · first_building Barracks |
| 31:12 | 帝国的铁汉 · age_up imperial |
| 32:01 | 帝国的铁汉 · first_market_sell 100 wood |
| 33:21 | Alvice Gritti · wall_segment Stone Wall x8 |
| 33:58 | Alvice Gritti · wall_segment Stone Wall x3 |
| 34:00 | Alvice Gritti · wall_segment Stone Wall x3 |
| 34:51 | Alvice Gritti · wall_segment Stone Wall x8 |
| 35:27 | Alvice Gritti · wall_segment Stone Wall x3 |
| 35:29 | Alvice Gritti · wall_segment Stone Wall x3 |
| 35:31 | Alvice Gritti · wall_segment Stone Wall x6 |
| 36:00 | Alvice Gritti · first_building Castle |
| 36:07 | Alvice Gritti · wall_segment Stone Wall x7 |
| 36:28 | Alvice Gritti · wall_segment Stone Wall x7 |
| 36:55 | Alvice Gritti · wall_segment Stone Wall x3 |
| 37:00 | Alvice Gritti · wall_segment Stone Wall x1 |
| 37:15 | Alvice Gritti · wall_segment Stone Wall x8 |
| 37:37 | Alvice Gritti · wall_segment Stone Wall x6 |
| 37:43 | Alvice Gritti · wall_segment Stone Wall x2 |
| 38:07 | Alvice Gritti · wall_segment Stone Wall x8 |
| 38:23 | Alvice Gritti · first_building Monastery |
| 38:38 | Alvice Gritti · wall_segment Stone Wall x9 |
| 38:44 | Alvice Gritti · wall_segment Stone Wall x2 |
| 39:49 | Alvice Gritti · wall_segment Stone Wall x5 |
| 40:08 | Alvice Gritti · wall_segment Stone Wall x3 |
| 40:11 | Alvice Gritti · wall_segment Stone Wall x9 |
| 40:16 | Alvice Gritti · wall_segment Stone Wall x7 |
| 40:26 | Alvice Gritti · wall_segment Stone Wall x1 |
| 40:39 | Alvice Gritti · wall_segment Stone Wall x3 |
| 40:44 | Alvice Gritti · wall_segment Stone Wall x5 |
| 40:45 | Alvice Gritti · wall_segment Stone Wall x3 |
| 40:47 | Alvice Gritti · wall_segment Stone Wall x4 |
| 41:01 | Alvice Gritti · wall_segment Stone Wall x6 |
| 41:36 | Alvice Gritti · wall_segment Stone Wall x5 |
| 41:46 | Alvice Gritti · wall_segment Stone Wall x1 |
| 41:47 | Alvice Gritti · wall_segment Stone Wall x9 |
| 42:13 | Alvice Gritti · wall_segment Stone Wall x4 |
| 42:21 | Alvice Gritti · wall_segment Stone Wall x6 |
| 42:40 | Alvice Gritti · wall_segment Stone Wall x9 |
| 42:53 | Alvice Gritti · wall_segment Stone Wall x13 |
| 43:01 | Alvice Gritti · wall_segment Stone Wall x8 |
| 43:06 | Alvice Gritti · wall_segment Stone Wall x3 |
| 43:17 | Alvice Gritti · wall_segment Stone Wall x5 |
| 43:22 | Alvice Gritti · wall_segment Stone Wall x12 |
| 43:25 | Alvice Gritti · first_market_buy 500 stone |
| 43:40 | Alvice Gritti · wall_segment Stone Wall x6 |
| 44:15 | Alvice Gritti · wall_segment Stone Wall x9 |
| 44:19 | Alvice Gritti · wall_segment Stone Wall x7 |
| 44:27 | Alvice Gritti · wall_segment Stone Wall x1 |
| 44:35 | Alvice Gritti · wall_segment Stone Wall x15 |
| 44:41 | Alvice Gritti · wall_segment Stone Wall x11 |
| 44:49 | Alvice Gritti · wall_segment Stone Wall x15 |
| 44:57 | Alvice Gritti · wall_segment Stone Wall x4 |
| 45:49 | Alvice Gritti · wall_segment Stone Wall x7 |
| 45:54 | Alvice Gritti · wall_segment Stone Wall x3 |
| 46:13 | Alvice Gritti · wall_segment Stone Wall x11 |
| 46:46 | Alvice Gritti · wall_segment Stone Wall x9 |
| 47:01 | Alvice Gritti · wall_segment Stone Wall x19 |
| 47:16 | Alvice Gritti · wall_segment Stone Wall x18 |
| 48:22 | Alvice Gritti · wall_segment Stone Wall x15 |
| 48:27 | Alvice Gritti · wall_segment Stone Wall x12 |
| 48:42 | Alvice Gritti · wall_segment Stone Wall x4 |
| 48:44 | Alvice Gritti · wall_segment Stone Wall x23 |
| 49:43 | Alvice Gritti · wall_segment Stone Wall x17 |
| 49:49 | Alvice Gritti · wall_segment Stone Wall x11 |
| 49:53 | Alvice Gritti · wall_segment Stone Wall x9 |
| 51:05 | Alvice Gritti · wall_segment Stone Wall x20 |
| 51:10 | Alvice Gritti · wall_segment Stone Wall x3 |
| 51:12 | Alvice Gritti · wall_segment Stone Wall x2 |
| 51:13 | Alvice Gritti · wall_segment Stone Wall x6 |
| 52:05 | Alvice Gritti · wall_segment Stone Wall x9 |
| 52:07 | Alvice Gritti · wall_segment Stone Wall x1 |
| 52:12 | Alvice Gritti · wall_segment Stone Wall x16 |
| 52:14 | Alvice Gritti · wall_segment Stone Wall x6 |
| 52:28 | Alvice Gritti · wall_segment Stone Wall x8 |
| 52:53 | Alvice Gritti · wall_segment Stone Wall x9 |
| 52:59 | Alvice Gritti · wall_segment Stone Wall x20 |
| 53:28 | Alvice Gritti · wall_segment Stone Wall x31 |
| 54:21 | Alvice Gritti · wall_segment Stone Wall x9 |
| 54:24 | Alvice Gritti · wall_segment Stone Wall x9 |
| 54:46 | Alvice Gritti · wall_segment Stone Wall x8 |
| 55:07 | Alvice Gritti · wall_segment Stone Wall x6 |
| 55:18 | Alvice Gritti · wall_segment Stone Wall x10 |
| 55:31 | Alvice Gritti · wall_segment Stone Wall x12 |
| 55:35 | Alvice Gritti · wall_segment Stone Wall x8 |
| 55:46 | Alvice Gritti · wall_segment Stone Wall x29 |
| 55:49 | Alvice Gritti · wall_segment Stone Wall x8 |
| 55:50 | Alvice Gritti · wall_segment Stone Wall x7 |
| 55:53 | Alvice Gritti · wall_segment Stone Wall x13 |
| 56:05 | Alvice Gritti · wall_segment Stone Wall x4 |
| 56:07 | Alvice Gritti · wall_segment Stone Wall x3 |
| 56:09 | Alvice Gritti · wall_segment Stone Wall x2 |
| 56:13 | Alvice Gritti · wall_segment Stone Wall x1 |
| 56:19 | Alvice Gritti · wall_segment Stone Wall x10 |
| 56:47 | Alvice Gritti · wall_segment Stone Wall x6 |
| 57:12 | Alvice Gritti · wall_segment Stone Wall x5 |
| 57:20 | Alvice Gritti · wall_segment Stone Wall x8 |
| 57:24 | Alvice Gritti · wall_segment Stone Wall x7 |
| 57:31 | Alvice Gritti · wall_segment Stone Wall x14 |
| 58:23 | 帝国的铁汉 · first_market_buy 100 stone |
| 58:29 | Alvice Gritti · wall_segment Stone Wall x10 |
| 58:31 | Alvice Gritti · wall_segment Stone Wall x6 |
| 58:40 | Alvice Gritti · wall_segment Stone Wall x10 |
| 58:58 | Alvice Gritti · wall_segment Stone Wall x2 |
| 59:03 | Alvice Gritti · wall_segment Stone Wall x8 |
| 59:08 | Alvice Gritti · wall_segment Stone Wall x9 |
| 59:16 | Alvice Gritti · wall_segment Stone Wall x12 |
| 59:28 | Alvice Gritti · wall_segment Stone Wall x9 |
| 60:10 | Alvice Gritti · wall_segment Stone Wall x8 |
| 60:26 | Alvice Gritti · wall_segment Stone Wall x7 |
| 60:30 | Alvice Gritti · wall_segment Stone Wall x12 |
| 60:42 | Alvice Gritti · wall_segment Stone Wall x8 |
| 60:46 | Alvice Gritti · wall_segment Stone Wall x10 |
| 60:47 | Alvice Gritti · wall_segment Stone Wall x1 |
| 61:01 | Alvice Gritti · wall_segment Stone Wall x11 |
| 61:07 | Alvice Gritti · wall_segment Stone Wall x17 |
| 61:39 | Alvice Gritti · wall_segment Stone Wall x10 |
| 61:42 | Alvice Gritti · wall_segment Stone Wall x13 |
| 61:53 | Alvice Gritti · wall_segment Stone Wall x12 |
| 62:36 | Alvice Gritti · wall_segment Stone Wall x4 |
| 62:52 | Alvice Gritti · wall_segment Stone Wall x11 |
| 63:25 | Alvice Gritti · wall_segment Stone Wall x19 |
| 63:30 | Alvice Gritti · wall_segment Stone Wall x15 |
| 63:37 | Alvice Gritti · wall_segment Stone Wall x10 |
| 63:44 | Alvice Gritti · wall_segment Stone Wall x19 |
| 64:38 | Alvice Gritti · wall_segment Stone Wall x4 |
| 64:43 | Alvice Gritti · wall_segment Stone Wall x10 |
| 64:50 | Alvice Gritti · wall_segment Stone Wall x21 |
| 65:15 | Alvice Gritti · wall_segment Stone Wall x1 |
| 65:18 | Alvice Gritti · wall_segment Stone Wall x8 |
| 65:20 | Alvice Gritti · wall_segment Stone Wall x1 |
| 65:22 | Alvice Gritti · wall_segment Stone Wall x19 |
| 65:34 | Alvice Gritti · wall_segment Stone Wall x2 |
| 65:38 | Alvice Gritti · wall_segment Stone Wall x10 |
| 65:42 | Alvice Gritti · wall_segment Stone Wall x8 |
| 65:44 | Alvice Gritti · wall_segment Stone Wall x10 |
| 65:51 | Alvice Gritti · wall_segment Stone Wall x8 |
| 66:42 | Alvice Gritti · wall_segment Stone Wall x15 |
| 66:53 | Alvice Gritti · wall_segment Stone Wall x15 |
| 67:01 | Alvice Gritti · wall_segment Stone Wall x3 |
| 67:02 | Alvice Gritti · wall_segment Stone Wall x8 |
| 67:11 | Alvice Gritti · wall_segment Stone Wall x8 |
| 67:16 | Alvice Gritti · wall_segment Stone Wall x2 |
| 67:17 | Alvice Gritti · wall_segment Stone Wall x10 |
| 67:20 | Alvice Gritti · wall_segment Stone Wall x6 |
| 67:22 | Alvice Gritti · wall_segment Stone Wall x10 |
| 67:25 | Alvice Gritti · wall_segment Stone Wall x4 |
| 68:34 | Alvice Gritti · wall_segment Stone Wall x10 |
| 68:38 | Alvice Gritti · wall_segment Stone Wall x21 |
| 68:41 | Alvice Gritti · wall_segment Stone Wall x4 |
| 68:50 | Alvice Gritti · wall_segment Stone Wall x13 |
| 69:28 | Alvice Gritti · wall_segment Stone Wall x7 |
| 69:30 | Alvice Gritti · wall_segment Stone Wall x10 |
| 69:53 | Alvice Gritti · wall_segment Stone Wall x16 |
| 70:25 | Alvice Gritti · wall_segment Stone Wall x11 |
| 71:08 | Alvice Gritti · wall_segment Stone Wall x34 |
| 71:14 | Alvice Gritti · wall_segment Stone Wall x19 |
| 71:22 | Alvice Gritti · wall_segment Stone Wall x10 |
| 71:40 | Alvice Gritti · wall_segment Stone Wall x12 |
| 71:47 | Alvice Gritti · wall_segment Stone Wall x11 |
| 71:49 | Alvice Gritti · wall_segment Stone Wall x4 |
| 71:51 | Alvice Gritti · wall_segment Stone Wall x5 |
| 72:27 | Alvice Gritti · first_building Barracks |
| 72:55 | Alvice Gritti · wall_segment Stone Wall x11 |
| 73:05 | Alvice Gritti · wall_segment Stone Wall x21 |
| 73:58 | Alvice Gritti · wall_segment Stone Wall x10 |
| 74:07 | Alvice Gritti · wall_segment Stone Wall x9 |
| 74:13 | Alvice Gritti · wall_segment Stone Wall x4 |
| 74:17 | Alvice Gritti · wall_segment Stone Wall x5 |
| 74:21 | Alvice Gritti · wall_segment Stone Wall x9 |
| 74:47 | Alvice Gritti · wall_segment Stone Wall x22 |
| 76:25 | Alvice Gritti · wall_segment Stone Wall x12 |
| 76:45 | Alvice Gritti · wall_segment Stone Wall x15 |
| 77:00 | Alvice Gritti · wall_segment Stone Wall x3 |
| 77:01 | Alvice Gritti · wall_segment Stone Wall x1 |
| 77:47 | Alvice Gritti · wall_segment Stone Wall x20 |
| 77:51 | Alvice Gritti · wall_segment Stone Wall x20 |
| 78:41 | Alvice Gritti · wall_segment Stone Wall x16 |
| 79:24 | Alvice Gritti · wall_segment Stone Wall x9 |
| 79:28 | Alvice Gritti · wall_segment Stone Wall x22 |
| 80:32 | Alvice Gritti · wall_segment Stone Wall x9 |
| 81:07 | Alvice Gritti · wall_segment Stone Wall x9 |
| 81:10 | Alvice Gritti · wall_segment Stone Wall x9 |
| 81:45 | Alvice Gritti · wall_segment Stone Wall x10 |
| 82:19 | Alvice Gritti · wall_segment Stone Wall x8 |
| 82:24 | Alvice Gritti · wall_segment Stone Wall x11 |
| 83:49 | Alvice Gritti · wall_segment Stone Wall x7 |
| 84:35 | Alvice Gritti · wall_segment Stone Wall x12 |
| 84:38 | Alvice Gritti · wall_segment Stone Wall x4 |
| 84:40 | Alvice Gritti · wall_segment Stone Wall x9 |
| 84:44 | Alvice Gritti · wall_segment Stone Wall x16 |
| 85:45 | Alvice Gritti · wall_segment Stone Wall x11 |
| 85:48 | Alvice Gritti · wall_segment Stone Wall x4 |
| 86:30 | Alvice Gritti · wall_segment Stone Wall x13 |
| 86:35 | 帝国的铁汉 · resign |
[ AI ANALYSIS · 1 CREDIT ]
What really happened in this match?
Wolo.gg analyzes every decision: build order, eco, micro, common mistakes by bracket. Personalized analysis on WhatsApp or Discord in 30 seconds.
Civ guide
Portuguese
Perfil
Jugador #25371769